 Dungeon Crawl Stone Soup version 0.19.0-19-g8c6edcc (webtiles) character file.

7227 Gigax the Black Belt (level 11, -6/105 HPs)
             Began as an Octopode Monk on Nov 13, 2016.
             Mangled by a wolf (7 damage)
             ... on level 2 of the Lair of Beasts on Nov 14, 2016.
             The game lasted 00:41:25 (15424 turns).

Gigax the Black Belt (Octopode Monk)               Turns: 15424, Time: 00:41:26

Health: -6/105     AC: 25    Str: 13    XL:     11   Next: 12%
Magic:  11/11      EV:  2    Int: 12    God:
Gold:   494        SH:  0    Dex: 16    Spells: 0 memorised, 10 levels left

rFire  . . .     SeeInvis +       - Unarmed
rCold  . . .     Gourm    .     (no shield)
rNeg   + + +     Faith    .     (helmet currently unavailable)
rPois  +         Spirit   .     (no amulet)
rElec  .         Reflect  .     h - ring of poison resistance
rCorr  .         Harm     .     l - ring of see invisible
MR     .....     NoTele   +     (no ring)
Stlth  +++.......               A - ring of stealth
                                (no ring)
                                (no ring)
                                (no ring)
                                (no ring)

@: tree-form
A: almost no armour, stealthy swim, (amphibious), 8 rings, (constrict 8),
(camouflage 0), (gelatinous body 0)
a: no special abilities


You were on level 2 of the Lair of Beasts.
You were not hungry.
You were a tree.
You visited 3 branches of the dungeon, and saw 13 of its levels.
You also visited: Ossuary.

You collected 567 gold pieces.
You spent 73 gold pieces at shops.

Inventory:

Hand Weapons
 a - a +0 blowgun
Missiles
 I - 18 poisoned needles
Jewellery
 h - a ring of poison resistance (left branch)
 l - a ring of see invisible (right branch)
 p - an uncursed ring of fire
 A - a ring of stealth (on tentacle)
 B - an uncursed ring of ice
Wands
 r - a wand of flame (37/48)
 s - a wand of random effects (31/48)
 u - a wand of paralysis (15/24)
 y - a wand of enslavement (18/24)
 z - a wand of disintegration (11/24)
 J - a wand of iceblast (7/15)
 K - a wand of digging (10/24)
 L - a wand of acid (7/15)
Scrolls
 g - a scroll of enchant weapon
 n - a scroll of blinking
 o - 2 scrolls of fog
 t - 2 scrolls of teleportation
 H - a scroll of remove curse
Potions
 b - 8 potions of curing
 d - 2 potions of ambrosia
 e - 6 potions of heal wounds
 j - 2 potions of flight
 k - a potion of resistance
 m - a potion of mutation {unknown}
 w - 2 potions of magic
 x - 4 potions of agility
 C - 2 potions of cancellation
 D - 3 potions of haste
 F - a potion of cure mutation
Books
 q - a book of Minor Magic

   Spells                             Type                      Level
   a - Magic Dart                     Conjuration                  1
   b - Blink                          Translocation                2
   c - Call Imp                       Summoning                    2
   d - Repel Missiles                 Charms/Air                   2
   e - Slow                           Hexes                        2
   f - Conjure Flame                  Conjuration/Fire             3
   g - Mephitic Cloud                 Conjuration/Poison/Air       3
Comestibles
 c - 2 meat rations
 v - 9 bread rations
 E - a royal jelly
 G - 2 beef jerkies


   Skills:
 + Level 4.4 Fighting
 * Level 5.7 Dodging
 - Level 2.6 Stealth
 + Level 15.1 Unarmed Combat


You had 10 spell levels left.
You didn't know any spells.

Dungeon Overview and Level Annotations

Branches:
Dungeon (10/15)            Temple (1/1) D:5            Lair (2/6) D:8
  Swamp: Lair:2-4    Shoals: Lair:2-4     Snake: Lair:2-4    Spider: Lair:2-4
    Orc: D:9-12

Altars:
Ashenzari
Cheibriados
Dithmenos
Elyvilon
Fedhas
Gozag
Hepliaklqana
Kikubaaqudgha
Makhleb
Nemelex Xobeh
Okawaru
Qazlal
Ru
Sif Muna
Trog
Uskayaw
Vehumet
Xom
Yredelemnul
Zin
The Shining One

Shops:
D:5 ([*!=


Innate Abilities, Weirdness & Mutations

You cannot wear most types of armour.
You are very stealthy in the water. (Stealth+)
((You are amphibious.))
You can wear up to eight rings at the same time.
((You can use your tentacles to constrict eight enemies at once.))
((Your skin changes colour to match your surroundings (Stealth+).))
((Your rubbery body absorbs attacks. (AC +1, EV +1)))


Message History

Huge Dmg: -11%(-11hp) hp: 7%(7hp)
You closely miss the wolf.
The wolf is almost dead.
The wolf bites you but does no damage. x5
Unknown command.
You hit the wolf.
You kill the wolf!
The wolf bites you but does no damage. x4
You hit the wolf.
You kill the wolf!
The wolf bites you.
* * * LOW HITPOINT WARNING * * *
The wolf bites you but does no damage.
Huge Dmg: -4%(-4hp) hp: 4%(4hp)
You hit the wolf. You punch the wolf, but do no damage.
The wolf is moderately wounded.
The wolf bites you.
* * * LOW HITPOINT WARNING * * *
The wolf bites you!
You die...

...............................
...............................
.............................##
....(....†.......##...#.#...###
.##.####.........###........#
..# .#..#..<...##..# .#
.......+..........
.l.................
...........♣h###..
.$###.###.†h..# . #. #+
#.....#.(( ............(
..............( P########.## ##
##


You could see 2 wolves.

Vanquished Creatures
  The ghost of Nicoed the Fighter, a novice OgBe of Trog (D:7)
  A spiny frog (Lair:2)
  A troll (D:9)
  2 hippogriffs
  3 yaks
  A basilisk (D:9)
  Eustachio (D:4)
  A vampire mosquito (D:9)
  Menkaure (D:7)
  A mottled dragon (D:8)
  The ghost of Frank the Cudgeler, an amateur GrGl (D:4)
  2 water moccasins
  A porcupine (Lair:1)
  A black bear (D:8)
  An ice beast (D:6)
  2 sky beasts
  4 ogres
  2 centaurs
  4 wolves (Lair:2)
  5 crocodiles
  8 bullfrogs
  A gnoll sergeant (D:6)
  5 water moccasin zombies (Ossuary)
  2 scorpions
  5 killer bees (D:9)
  5 wights
  3 howler monkeys (D:8)
  3 crimson imps
  A hound (D:6)
  3 jellies
  2 orc priests
  2 bullfrog skeletons
  10 iguanas
  4 orc wizards
  4 worker ants
  A killer bee zombie (D:7)
  5 big kobold zombies (Ossuary)
  A hound skeleton (D:7)
  2 mummies (Ossuary)
  A worker ant zombie (D:5)
  9 gnolls
  8 adders
  A howler monkey skeleton (D:6)
  An ooze (D:3)
  4 adder zombies (Ossuary)
  An adder skeleton (D:4)
  3 worms (D:3)
  2 dart slugs (D:1)
  9 leopard geckos
  14 orcs
  3 giant cockroaches
  2 gnoll zombies (Ossuary)
  5 goblins
  9 hobgoblins
  12 jackals
  7 quokkas
  9 bats
  4 frilled lizards
  A hobgoblin zombie (Ossuary)
  5 kobolds
  9 kobold zombies (Ossuary)
  A leopard gecko skeleton (D:8)
  3 orc zombies (Ossuary)
  A quokka skeleton (D:4)
  5 rats
232 creatures vanquished.

Notes
Turn   | Place    | Note
-------+----------+-------------------------------------------
     0 | D:1      | Gigax the Octopode Monk began the quest for the Orb.
     0 | D:1      | Reached XP level 1. HP: 16/16 MP: 1/1
   120 | D:1      | Reached XP level 2. HP: 17/21 MP: 2/2
   562 | D:1      | Reached skill level 4 in Unarmed Combat
   724 | D:1      | Reached XP level 3. HP: 22/26 MP: 3/3
  1260 | D:2      | Reached XP level 4. HP: 31/31 MP: 4/4
  2076 | D:3      | Reached skill level 5 in Unarmed Combat
  2390 | D:3      | Found a basalt altar of Yredelemnul.
  2749 | D:3      | Found a white marble altar of Elyvilon.
  2793 | D:3      | Reached XP level 5. HP: 28/36 MP: 5/5
  2994 | D:3      | Found a faded altar of an unknown god.
  3084 | D:4      | Noticed an ogre
  3095 | D:4      | Found a blossoming altar of Fedhas.
  3333 | D:4      | Noticed Frank's ghost (amateur GrGl)
  3530 | D:4      | Found a hide-covered altar of Uskayaw.
  3533 | D:4      | Found an iron altar of Okawaru.
  3536 | D:4      | Found a radiant altar of Vehumet.
  3563 | D:4      | Found a sand-covered staircase.
  3574 | Ossuary  | Entered an ossuary
  3761 | Ossuary  | Reached skill level 6 in Unarmed Combat
  3773 | Ossuary  | Reached XP level 6. HP: 18/42 MP: 6/6
  4043 | Ossuary  | Reached skill level 7 in Unarmed Combat
  4260 | Ossuary  | Reached XP level 7. HP: 13/46 MP: 7/7
  4265 | Ossuary  | HP: 2/46 [water moccasin zombie (7)]
  4279 | Ossuary  | Reached skill level 8 in Unarmed Combat
  5048 | D:4      | Noticed Eustachio
  5095 | D:5      | Entered Level 5 of the Dungeon
  5095 | D:5      | Found Fawkes's Distillery.
  5099 | D:5      | Bought a potion of lignification for 42 gold pieces
  5167 | D:5      | Found a stormy altar of Qazlal.
  5380 | D:5      | Reached skill level 9 in Unarmed Combat
  5518 | D:5      | Found Gudgh's Jewellery Shop.
  5592 | D:5      | Found Kimuqit's Assorted Antiques.
  5595 | D:5      | Found a staircase to the Ecumenical Temple.
  5600 | D:5      | Bought a scroll labeled MUWINE SIUSUN for 31 gold pieces
  5605 | Temple   | Entered the Ecumenical Temple
  5826 | D:5      | Found Ynozof's Antique Weapon Emporium.
  5828 | D:5      | Found Xeaceph's Antique Armour Shop.
  6166 | D:4      | Reached XP level 8. HP: 32/52 MP: 8/8
  6436 | D:4      | Killed Frank's ghost
  6811 | D:6      | Reached skill level 10 in Unarmed Combat
  7838 | D:6      | Reached skill level 11 in Unarmed Combat
  8134 | D:6      | Found a glowing silver altar of Zin.
  8134 | D:6      | Found an opulent altar of Gozag.
  8172 | D:6      | Reached XP level 9. HP: 56/56 MP: 9/9
  8872 | D:7      | Found a shimmering altar of Xom.
  8872 | D:7      | Noticed Menkaure
  8881 | D:7      | Killed Menkaure
  8881 | D:7      | Reached skill level 12 in Unarmed Combat
  9556 | D:7      | Noticed Nicoed's ghost (novice OgBe)
  9570 | D:7      | Killed Nicoed's ghost
  9570 | D:7      | Reached skill level 13 in Unarmed Combat
 10475 | D:8      | Reached XP level 10. HP: 58/63 MP: 10/10
 10632 | D:8      | Found a staircase to the Lair.
 11117 | D:9      | Reached skill level 14 in Unarmed Combat
 12260 | D:4      | Killed Eustachio
 12271 | D:4      | Found a burning altar of Makhleb.
 12365 | D:4      | Found an ancient bone altar of Kikubaaqudgha.
 13047 | D:9      | Found a snail-covered altar of Cheibriados.
 13268 | D:10     | Entered Level 10 of the Dungeon
 13268 | D:10     | Noticed a hill giant
 13572 | Lair:1   | Entered Level 1 of the Lair of Beasts
 13839 | Lair:1   | Reached skill level 15 in Unarmed Combat
 14561 | Lair:1   | Reached XP level 11. HP: 66/69 MP: 11/11
 14574 | Lair:1   | Noticed a six-headed hydra
 14860 | Lair:2   | Reached skill level 5 in Dodging
 15423 | Lair:2   | HP: 4/105 [wolf (4)]
 15424 | Lair:2   | HP: 1/105 [wolf (3)]
 15424 | Lair:2   | Mangled by a wolf

Skill      XL: |  1  2  3  4  5  6  7  8  9 10 11 |
---------------+----------------------------------+-----
Unarmed Combat | 4 5 6 7 9 11 13 15 | 15.1
Dodging        | 4 5 |  5.7
Fighting       | 4 |  4.4
Stealth        | |  2.6

Action                   |  1- 3 |  4- 6 |  7- 9 | 10-12 || total
-------------------------+-------+-------+-------+-------++-------
Melee: Unarmed           |    61 |    81 |   237 |   171 ||   550
       Constrict         |    18 |    39 |    47 |    26 ||   130
       Tentacles         |    14 |    36 |    50 |    26 ||   126
       Punch             |     6 |     7 |    22 |    19 ||    54
       Quarterstaff      |       |    60 |       |       ||    60
 Fire: Blowgun           |       |       |    23 |    28 ||    51
  Use: Scroll            |       |     6 |    13 |     7 ||    26
       Potion            |       |     2 |     4 |     2 ||     8
 Stab: Sleeping          |    11 |     7 |     4 |     9 ||    31
       Distracted        |       |     1 |       |     2 ||     3
  Eat: Chunk             |     1 |     6 |     6 |    10 ||    23
       Beef jerky        |       |     2 |       |       ||     2
       Meat ration       |       |       |     2 |     1 ||     3
       Fruit             |       |       |     5 |       ||     5
Armor: Skin              |     2 |     5 |    11 |    16 ||    34
Dodge: Dodged            |    35 |    82 |   108 |    94 ||   319
